 Dungeon Crawl Stone Soup version 0.31-a0-638-g26219f789d (webtiles) character file.

Game seed: 15562360554850372428

97 MacCMillion the Shooter (level 4, 0/34 HPs)
             Began as a Barachi Hunter on Aug 27, 2023.
             Slain by an orc wizard
             ... wielding a +0 dagger
              (2 damage)
             ... on level 4 of the Dungeon.
             The game lasted 00:03:08 (1107 turns).

MacCMillion the Shooter (Barachi Hunter)            Turns: 1107, Time: 00:03:09

Health: 0/34       AC:  3    Str: 12    XL:     4   Next: 68%
Magic:  4/4        EV: 12    Int: 10    God:
Gold:   50         SH:  0    Dex: 17    Spells: 3/3 levels left

rFire   . . .        a - +0 shortbow
rCold   . . .        (shield currently unavailable)
rNeg    . . .        c - +0 leather armour
rPois   .            (no helmet)
rElec   .            (no cloak)
rCorr   .            (no gloves)
SInv    .            (no boots)
Will    .....        (no amulet)
Stlth   ++           (no ring)
HPRegen 0.25/turn    (no ring)
MPRegen 0.09/turn

%: no passive effects
@: unable to hop, slow
A: amphibious, slowness 1, strong legs 1, +LOS
a: Hop


You were on level 4 of the Dungeon.
You visited 1 branch of the dungeon, and saw 3 of its levels.

You collected 50 gold pieces.

Inventory:

Hand Weapons
 a - a +0 shortbow (weapon)
Armour
 c - a +0 leather armour (worn)
Scrolls
 b - 2 scrolls of butterflies
 f - 2 scrolls of identify {unknown}
 g - a scroll of enchant weapon {unknown}
 i - a scroll of vulnerability {unknown}
Potions
 d - 3 potions of attraction {unknown}
 e - a potion of lignification {unknown}
 h - a potion of heal wounds {unknown}


   Skills:
 - Level 2.4 Fighting
 + Level 5.0 Ranged Weapons
 - Level 2.1 Dodging
 + Level 3.0 Stealth


You had 3 spell levels left.
You didn't know any spells.
Your spell library contained the following spells:

 Spells                   Type           Power      Damage    Failure   Level
 Sublimation of Blood     Necr           0%         N/A       58%         2
 Wereblood                Tmut           0%         N/A       58%         2
 Summon Hydra             Summ           0%         N/A       100%        7


Dungeon Overview and Level Annotations

Branches:
Dungeon (2/15)

Altars:


Innate Abilities, Weirdness & Mutations

You are amphibious.
You cover ground slowly.
You can hop short distances.
You have an extended range of vision and can be seen from far away.


Message History

You kill the ball python!
Something hits you.
Fire: a) +0 shortbow
Press: ? - help, Q - select action, (/) - cycle Shift-Dir - straight line, f - orc
Aim: an orc, wielding a +0 war axe of flaming, wearing a +0 leather armour and quivering boomerangs (63% to hit)
You shoot an arrow. The arrow hits the orc.
The orc is heavily wounded.
The orc hits you with a +0 war axe of flaming!
The orc burns you. Something hits you.
Fire: a) +0 shortbow
Press: ? - help, Q - select action, (/) - cycle Shift-Dir - straight line, f/p - orc
Aim: an orc, wielding a +0 war axe of flaming, wearing a +0 leather armour and quivering boomerangs (heavily wounded, 63% to hit)
You shoot an arrow.
The arrow hits the orc but does no damage.
The orc is heavily wounded.
Something hits you.
The orc hits you with a +0 war axe of flaming.
* * * LOW HITPOINT WARNING * * *
The orc burns you.
* * * LOW HITPOINT WARNING * * *
Fire: a) +0 shortbow
Press: ? - help, Q - select action, (/) - cycle Shift-Dir - straight line, f/p - orc
Aim: an orc, wielding a +0 war axe of flaming, wearing a +0 leather armour and quivering boomerangs (heavily wounded, 63% to hit)
You shoot an arrow.
The arrow hits the orc but does no damage.
The orc is heavily wounded.
Something hits you.
* * * LOW HITPOINT WARNING * * *
The orc hits you with a +0 war axe of flaming.
* * * LOW HITPOINT WARNING * * *
The orc burns you.
* * * LOW HITPOINT WARNING * * *
Unknown command.
Fire: a) +0 shortbow
Press: ? - help, Q - select action, (/) - cycle Shift-Dir - straight line, f/p - orc
Aim: an orc, wielding a +0 war axe of flaming, wearing a +0 leather armour and quivering boomerangs (heavily wounded, 63% to hit)
You shoot an arrow. The arrow hits the orc.
You kill the orc!
Something hits you.
You die...

..............
.........)..g.
..............
..............
########+###
..............
#..........###########'##
#..........#............#
#..........#............#
#..........@)...).......#
#..........##g..####.####
######.....#...# ###
+.....#...# #.....#...#
#.....+...# #.....#...#
#.....#...# #.....#...#


You could see a hobgoblin.

Vanquished Creatures
  3 gnolls (D:2)
  An adder (D:2)
  4 dart slugs (D:1)
  2 orcs (D:4)
  5 bats
  2 endoplasms (D:2)
  A giant cockroach (D:2)
  4 goblins
  3 hobgoblins
  3 jackals (D:1)
  5 kobolds
  4 quokkas (D:1)
  6 ball pythons
  5 frilled lizards
  4 rats
52 creatures vanquished.

Notes
Turn   | Place    | Note
-------+----------+-------------------------------------------
     0 | D:1      | MacCMillion the Barachi Hunter began the quest for the Orb.
     0 | D:1      | Reached XP level 1. HP: 17/17 MP: 1/1
     9 | D:1      | Reached skill level 1 in Stealth
    32 | D:1      | Reached XP level 2. HP: 23/23 MP: 2/2
   109 | D:1      | Reached XP level 3. HP: 22/28 MP: 3/3
   889 | D:2      | Reached XP level 4. HP: 32/34 MP: 4/4
   959 | D:2      | Reached skill level 5 in Ranged Weapons
  1064 | D:2      | You fall into a shaft and drop 2 floors!
  1106 | D:4      | HP: 1/34 [orc/+0 war axe of flaming (1)]
  1107 | D:4      | Slain by an orc wizard

Illustrated notes

Levels and vault maps discovered:
D:1:      eino_arrival_water_cross, layout_basic
D:2:      layout_rooms
D:4:      cheibrodos_old_hovel, layout_gridville

Skill      XL: |  1  2  3  4 |
---------------+-------------+-----
Stealth        | 1 2 3 |  3.0
Ranged Weapons | 5 |  5.0
Fighting       | |  2.4
Dodging        | |  2.1

Action                     |  1- 3 |  4- 6 || total
---------------------------+-------+-------++-------
   Fire: Shortbow          |    99 |    34 ||   133
Ability: Hop               |       |     1 ||     1
 Armour: Leather armour    |     9 |     1 ||    10
  Dodge: Dodged            |    25 |    16 ||    41

Table legend: (Time is in decaauts)
 A = Elapsed time spent in this place.
 B = Non-inter-level travel time spent in this place.
 C = Inter-level travel time spent in this place.
 D = Time resting spent in this place.
 E = Time spent auto-exploring this place.
 F = Levels seen in this place.
 G = Mean time per level.
                   A        B        C        D        E       F      G
               +--------+--------+--------+--------+--------+-----+--------+
         Total |   1246 |   1233 |     13 |    327 |    573 |   3 |  415.3 |
       Dungeon |   1246 |   1233 |     13 |    327 |    573 |   3 |  415.3 |
               +--------+--------+--------+--------+--------+-----+--------+

Top non-repeatable levels by time:
     D:1: 856 daAuts
     D:2: 340 daAuts
     D:4: 50 daAuts
